 Dungeon Crawl Stone Soup version 0.32-a0-35-gd9ff480968 (webtiles) character file.

Game seed: 9961256843503192725

1488 thirtiethelement the Chopper (level 8, -6/93 HPs)
             Began as a Demonspawn Berserker on Jan 22, 2024.
             Was a Priest of Trog.
             Mangled by an orc warrior
             ... wielding a +0 glaive
              (8 damage)
             ... on level 6 of the Dungeon.
             The game lasted 00:10:30 (4312 turns).

thirtiethelement the Chopper (Demonspawn Berserker) Turns: 4312, Time: 00:10:30

Health: -6/93      AC: 24    Str: 18    XL:     8   Next: 51%
Magic:  8/8        EV:  2    Int:  7    God:    Trog [***...]
Gold:   215        SH:  0    Dex: 17    Spells: 7/7 levels left

rFire   . . .        j - +1 broad axe
rCold   . . .        (no shield)
rNeg    . . .        w - melded +0 plate armour
rPois   +            a - melded +2 helmet
rElec   .            c - melded scarf {rC+ rF+}
rCorr   .            k - melded +0 pair of gloves
SInv    .            v - melded +1 pair of boots
Will    .....        q - amulet of the acrobat
Stlth   ++           (no ring)
HPRegen 0.35/turn    (no ring)
MPRegen 0.11/turn

%: acrobat
@: tree-form, on berserk cooldown, slowed, very slow
A: stationary, stasis, torment immunity, boosted hp, rugged brown scales 1,
demonic magic 2, (demonic touch 1), (large bone plates 1), agile 1
a: Renounce Religion, Berserk, Trog's Hand


You were on level 6 of the Dungeon.
You worshipped Trog.
Trog was most pleased with you.
You were a tree.
You visited 2 branches of the dungeon, and saw 7 of its levels.

You collected 304 gold pieces.
You spent 89 gold pieces at shops.

Inventory:

Hand Weapons
 j - a +1 broad axe (weapon)
Missiles
 p - 2 javelins (quivered)
 t - 2 boomerangs
Armour
 a - a +2 helmet (melded)
 c - a scarf of resistance (melded)
 k - a +0 pair of gloves (melded)
 v - a +1 pair of boots (melded)
 w - a +0 plate armour (melded)
Jewellery
 n - an amulet of faith
 q - an amulet of the acrobat (around neck)
Wands
 r - a wand of iceblast (10)
 s - a wand of charming (5)
Scrolls
 b - a scroll of identify
 g - 2 scrolls of immolation
 h - a scroll of blinking
Potions
 e - 3 potions of lignification
 f - 2 potions of berserk rage {unknown}
 i - a potion of mutation
 l - 4 potions of curing
 m - a potion of brilliance {unknown}
 o - 2 potions of attraction {unknown}
 u - a potion of invisibility {unknown}


   Skills:
 + Level 4.9 Fighting
 + Level 7.6 Axes
 + Level 0.3 Throwing
 + Level 4.7 Armour
 + Level 2.7 Dodging
 + Level 0.6 Stealth
 + Level 1.6 Shields


You had 7 spell levels left.
You didn't know any spells.
Your spell library contained the following spells:

 Spells                   Type           Power      Damage    Failure   Level
 Freeze                   Ice            0%         1d3       43%         1
 Magic Dart               Conj           0%         1d3       43%         1
 Searing Ray              Conj           0%         2d4       56%         2
 Frozen Ramparts          Ice            0%         1d1       80%         3
 Hailstorm                Conj/Ice       0%         3d5       80%         3
 Inner Flame              Hex/Fire       0%         N/A       80%         3
 Fulminant Prism          Conj/Alch      0%         3d5       99%         4
 Irradiate                Conj/Alch      0%         3d11      100%        5
 Ignition                 Fire           0%         3d3       100%        8


Dungeon Overview and Level Annotations

Branches:
Dungeon (6/15)             Temple (1/1) D:4

Altars:
Ashenzari
Cheibriados
Dithmenos
Fedhas
Gozag
Hepliaklqana
Kikubaaqudgha
Makhleb
Nemelex Xobeh
Okawaru
Qazlal
Ru
Sif Muna
Trog
Uskayaw
Vehumet
Wu Jian
Xom
Yredelemnul

Shops:
D:1 :   D:2 ?   D:3 !


Innate Abilities, Weirdness & Mutations

You are a tree.
Your roots penetrate the ground, keeping you stationary.
You cannot be teleported.
You are immune to unholy pain and torment.
Your maximum health is greatly increased.
Your equipment is partially melded.
(You are partially covered in rugged brown scales. (AC +1, +3% HP))
Spells you cast may paralyse nearby enemies.
((Your touch may inflict minor irresistible damage on your foes.))
((You are partially covered in large bone plates. (SH +4)))
You are agile. (Dex +4, Str/Int -1)


Message History

You slash Eustachio!
You kill Eustachio!
Trog accepts your kill.
Trog appreciates your killing of a magic user.
The orc warrior hits you from afar with a +0 glaive.
The orc warrior barely misses you.
Items here: )) [[.
You feel a strong urge to attack something.
You are no longer berserk.
You are exhausted.
You feel yourself slow down.
Things that are here:
a +0 whip; a +0 ring mail The orc warrior misses you.
The orc warrior barely misses you.
Items here: )) [[.
The orc warrior misses you.
You hit the orc warrior. Your touch misses the orc warrior.
The orc warrior is moderately wounded.
The orc warrior hits you with a +0 glaive!
The orc warrior hits you with a +0 glaive.
You slash the orc warrior!
The orc warrior is heavily wounded.
The orc warrior hits you with a +0 glaive!
* * * LOW HITPOINT WARNING * * *
The orc warrior hits you with a +0 glaive.
* * * LOW HITPOINT WARNING * * *
You hit the orc warrior.
The orc warrior is severely wounded.
The orc warrior hits you but does no damage.
The orc warrior hits you with a +0 glaive!
* * * LOW HITPOINT WARNING * * *
You turn into a tree.
Your scarf of resistance melds into your body.
Your +2 helmet melds into your body.
Your +0 pair of gloves melds into your body.
Your +1 pair of boots melds into your body.
Your +0 plate armour melds into your body.
You feel hot and cold all over.
Your roots penetrate the ground.
The orc warrior hits you with a +0 glaive!
You die...

.............####..#
..#..#.....###
##.#####
.###.###..##
####.....### . ..
##.. #..........#
#.. #..#
#.#.....##.# .. ..##
##(#....#...#
....##..)#..#....#
.......).###....#
.......♣..# #...#
..(....o..# #..#
.........#... #..#
.......##.....#..#
....... ......
.....## #$#### .....
.. ..... ###


You could see an orc warrior.

Vanquished Creatures
  Grinder (D:5)
  Eustachio (D:6)
  Edmund (D:5)
  2 black bears
  An ice beast (D:5)
  Blork the orc (D:5)
  3 scorpions
  A hound (D:5)
  2 jellies (D:5)
  2 orc priests (D:5)
  Jessica (D:3)
  An iguana (D:4)
  2 orc wizards
  8 gnolls
  5 adders
  A white imp (D:5)
  2 ribbon worms
  2 dart slugs
  24 orcs
  6 endoplasms
  6 giant cockroaches
  4 goblins
  7 hobgoblins
  2 jackals (D:2)
  4 quokkas
  2 ball pythons
  3 bats
  2 frilled lizards (D:1)
  7 kobolds
  6 rats
110 creatures vanquished.

Notes
Turn   | Place    | Note
-------+----------+-------------------------------------------
     0 | D:1      | thirtiethelement the Demonspawn Berserker began the quest
                  | for the Orb.
     0 | D:1      | Reached XP level 1. HP: 18/18 MP: 1/1
   275 | D:1      | Found a faded altar of an unknown god.
   289 | D:1      | Reached skill level 3 in Axes
   289 | D:1      | Gained mutation: Your touch may inflict minor irresistible
                  | damage on your foes. [demonic ancestry]
   289 | D:1      | Reached XP level 2. HP: 23/24 MP: 2/2
   367 | D:1      | Found Esabbeaj's Book Shop.
  1245 | D:2      | Reached XP level 3. HP: 22/29 MP: 3/3
  1245 | D:2      | Reached ** piety under Trog
  1503 | D:2      | Gained mutation: Spells you cast may paralyse adjacent
                  | enemies. [demonic ancestry]
  1503 | D:2      | Reached XP level 4. HP: 32/35 MP: 4/4
  1685 | D:2      | Found Zoeptaeh's Magic Scroll Shoppe.
  1694 | D:2      | Bought a scroll of identify for 28 gold pieces
  1694 | D:2      | Bought a scroll of identify for 28 gold pieces
  1695 | D:2      | Gained mutation: Your magical capacity is low. (-10% MP)
                  | [potion of mutation]
  1695 | D:2      | Gained mutation: You sometimes lose your temper in combat.
                  | [potion of mutation]
  1695 | D:2      | Gained mutation: You occasionally lose the ability to read
                  | scrolls when taking damage. [potion of mutation]
  1696 | D:2      | Lost mutation: You occasionally lose the ability to read
                  | scrolls when taking damage. [potion of mutation]
  1696 | D:2      | Lost mutation: Your magical capacity is low. (-10% MP)
                  | [potion of mutation]
  1696 | D:2      | Gained mutation: You expend magic power (3 MP) to
                  | strengthen your wands. [potion of mutation]
  1778 | D:2      | Lost mutation: You expend magic power (3 MP) to strengthen
                  | your wands. [potion of mutation]
  1778 | D:2      | Lost mutation: You sometimes lose your temper in combat.
                  | [potion of mutation]
  1778 | D:2      | Gained mutation: You are agile. (Dex +4, Str/Int -1)
                  | [potion of mutation]
  1778 | D:2      | Gained mutation: You are partially covered in large bone
                  | plates. (SH +4) [potion of mutation]
  2014 | D:3      | Noticed Jessica
  2015 | D:3      | Found Vagur's Distillery.
  2018 | D:3      | Killed Jessica
  2025 | D:3      | Reached XP level 5. HP: 41/42 MP: 5/5
  2047 | D:3      | Bought a potion of curing for 33 gold pieces
  2192 | D:3      | Reached skill level 4 in Axes
  2256 | D:3      | HP: 2/42 [something/puff of flame (3)]
  2264 | D:3      | Reached skill level 1 in Shields
  2590 | D:4      | Found a staircase to the Ecumenical Temple.
  2602 | Temple   | Entered the Ecumenical Temple
  2750 | D:4      | Noticed a black bear
  2756 | D:4      | Killed a black bear
  2757 | D:4      | Gained mutation: Spells you cast may paralyse nearby
                  | enemies. [demonic ancestry]
  2757 | D:4      | Reached XP level 6. HP: 48/48 MP: 6/6
  2813 | D:4      | Found a shadowy altar of Dithmenos.
  2961 | D:4      | Found a sparkling altar of Nemelex Xobeh.
  3261 | D:4      | Found a basalt altar of Yredelemnul.
  3469 | D:5      | Entered Level 5 of the Dungeon
  3469 | D:5      | Noticed Blork the orc
  3476 | D:5      | Killed Blork the orc
  3476 | D:5      | Reached *** piety under Trog
  3477 | D:5      | Reached skill level 5 in Axes
  3513 | D:5      | Noticed Edmund
  3523 | D:5      | Killed Edmund
  3524 | D:5      | Reached XP level 7. HP: 55/55 MP: 7/7
  3743 | D:5      | Reached skill level 6 in Axes
  3885 | D:5      | Noticed Grinder
  3892 | D:5      | Killed Grinder
  3893 | D:5      | Gained mutation: You are partially covered in rugged brown
                  | scales. (AC +1, +3% HP) [demonic ancestry]
  3893 | D:5      | Reached XP level 8. HP: 40/62 MP: 8/8
  4075 | D:5      | Reached skill level 7 in Axes
  4282 | D:6      | Noticed Eustachio
  4304 | D:6      | Killed Eustachio
  4311 | D:6      | HP: 1/62 [orc warrior/+0 glaive (11)]
  4312 | D:6      | Mangled by an orc warrior

Illustrated notes

Levels and vault maps discovered:
D:1:      dpeg_arrival_prison, layout_basic,
          hellmonk_ecumenical_altar_arch_garden, serial_rivers,
          chequers_serial_rivers_room_a, chequers_serial_rivers_micro_d,
          chequers_serial_rivers_large_a, chequers_serial_rivers_small_b,
          chequers_serial_rivers_micro_e, serial_shops, nicolae_shop_peninsula,
          hex_tiny
D:2:      layout_loops_cross, serial_shops, shop
D:3:      layout_rooms, serial_shops, shop_statue, uniq_jessica
D:4:      layout_cave_pods, nicolae_overflow_hidden_temple,
          minmay_temple_entry_offerings
D:5:      layout_rooms, minivault_27, kennysheep_generic_room_10, uniq_edmund,
          uniq_blork_the_orc, uniq_grinder
D:6:      layout_cave_pools, minmay_misc_feat_chi, uniq_eustachio
Temple:   dpeg_five_rooms_temple

Skill      XL: |  1  2  3  4  5  6  7  8 |
---------------+-------------------------+-----
Axes           | 3 4 5 6 7 |  7.6
Armour         | 2 3 4 |  4.7
Dodging        | 2 |  2.7
Shields        | 1 |  1.6
Fighting       | 4 |  4.9
Throwing       | |  0.3
Stealth        | |  0.6

Action                     |  1- 3 |  4- 6 |  7- 9 || total
---------------------------+-------+-------+-------++-------
  Melee: Hand axe          |   100 |    25 |       ||   125
         Touch             |     7 |    23 |    13 ||    43
         Broad axe         |       |    75 |    70 ||   145
         Punch             |       |     2 |       ||     2
  Throw: Javelin           |       |       |     2 ||     2
 Invoke: Berserk           |     1 |     3 |     1 ||     5
    Use: Scroll            |     1 |     6 |     4 ||    11
         Potion            |       |     3 |     1 ||     4
 Armour: Animal skin       |    11 |       |       ||    11
         Scale mail        |    60 |    99 |    44 ||   203
         Plate armour      |       |       |    28 ||    28
         Skin              |       |       |     1 ||     1
  Dodge: Dodged            |    63 |    58 |    45 ||   166
  Block: Other             |       |    14 |    13 ||    27

Table legend: (Time is in decaauts)
 A = Elapsed time spent in this place.
 B = Non-inter-level travel time spent in this place.
 C = Inter-level travel time spent in this place.
 D = Time resting spent in this place.
 E = Time spent auto-exploring this place.
 F = Levels seen in this place.
 G = Mean time per level.
                   A        B        C        D        E       F      G
               +--------+--------+--------+--------+--------+-----+--------+
         Total |   4436 |   4303 |    133 |    364 |   2997 |   7 |  633.7 |
       Dungeon |   4435 |   4302 |    133 |    364 |   2997 |   6 |  739.2 |
        Temple |      1 |      1 |      0 |      0 |      0 |   1 |    1.0 |
               +--------+--------+--------+--------+--------+-----+--------+

Top non-repeatable levels by time:
     D:1: 1252 daAuts
     D:4: 1025 daAuts
     D:5: 808 daAuts
     D:2: 713 daAuts
     D:3: 567 daAuts
     D:6: 68 daAuts
  Temple: 1 daAuts
